 Dungeon Crawl Stone Soup version 0.28-a0-723-g095bd1b44f (webtiles) character file.

Game seed: 271672961290411786

227 Sabo the Covered (level 6, -2/48 HPs)
             Began as a Formicid Fighter on Oct 26, 2021.
             Slain by an orc (5 damage)
             ... on level 4 of the Dungeon.
             The game lasted 00:16:27 (3582 turns).

Sabo the Covered (Formicid Fighter)                 Turns: 3582, Time: 00:16:27

Health: -2/48      AC:  7    Str: 23    XL:     6   Next: 22%
Magic:  6/6        EV:  7    Int:  7    God:
Gold:   154        SH:  4    Dex: 10    Spells: 5/5 levels left

rFire   . . .      SeeInvis +   q - +3 quarterstaff (chaos)
rCold   . . .      Faith    .   c - +0 buckler
rNeg    . . .      Spirit   .   d - +0 ring mail {rPois}
rPois   +          Reflect  .   (helmet unavailable)
rElec   .          Harm     .   r - +0 cloak
rCorr   .          Rampage  .   (no gloves)
Will    .....                   (no boots)
Stlth   +.........              (no amulet)
HPRegen 0.16/turn               (no ring)
MPRegen 0.10/turn               (no ring)

@: constricted
A: permanent stasis, dig shafts and tunnels, antennae 3, four strong arms
a: Dig, Shaft Self


You were on level 4 of the Dungeon.
You visited 1 branch of the dungeon, and saw 4 of its levels.

You collected 154 gold pieces.

Inventory:

Hand Weapons
 a - a +0 war axe
 l - a +0 hunting sling
 q - a +3 quarterstaff of chaos (weapon)
Missiles
 f - 78 bolts
 j - 3 poisoned darts (quivered)
 p - 43 arrows
Armour
 c - a +0 buckler (worn)
 d - a +0 ring mail of poison resistance (worn)
 r - a +0 cloak (worn)
Wands
 k - a wand of flame (18)
 o - a wand of acid (4)
Scrolls
 i - a scroll of fear
Potions
 e - a potion of invisibility {unknown}
 g - a potion of heal wounds {unknown}
 h - a potion of resistance {unknown}
 m - a potion of haste {unknown}
 n - a potion of berserk rage {unknown}


   Skills:
 + Level 4.1 Fighting
 + Level 3.9 Axes
 + Level 0.5 Staves
 + Level 0.5 Throwing
 + Level 4.5 Armour
 + Level 0.5 Dodging
 + Level 0.6 Stealth
 + Level 4.4 Shields


You had 5 spell levels left.
You didn't know any spells.
Your spell library was empty.

Dungeon Overview and Level Annotations

Branches:
Dungeon (4/15)
 Temple: D:4-7

Altars:


Innate Abilities, Weirdness & Mutations

You cannot be hasted, slowed, berserked, paralysed or teleported.
You can dig through walls and to a lower floor.
You have a pair of large antennae on your head. (SInv)
Your four strong arms can wield two-handed weapons with a shield.


Message History

The orc wizard flickers and vanishes for a moment.
The goblin hits you but does no damage.
The ball python bites you but does no damage.
The ball python constricts you. The ball python barely misses you.
You hit the goblin. You drain the goblin.
You kill the goblin!
The ball python bites you but does no damage.
The ball python constricts you. You block the ball python's attack.
The orc hits you but does no damage.
You escape the ball python's grasp.
You block the ball python's attack. The ball python grabs you.
The ball python constricts you.
A hobgoblin comes into view.
The ball python bites you but does no damage.
The ball python bites you. The ball python constricts you.
Things that are here:
a +0 dagger; a goblin corpse You hit the orc.
You feel better.
The orc is heavily wounded.
The ball python bites you.
The orc priest mumbles some strange prayers to Beogh against you.
Beogh smites you!
* * * LOW HITPOINT WARNING * * *
You block the orc's attack. The ball python bites you.
* * * LOW HITPOINT WARNING * * *
The ball python constricts you. The hobgoblin closely misses you.
The ball python barely misses you. The goblin hits you with a +0 club.
* * * LOW HITPOINT WARNING * * *
You barely miss the orc.
The orc is heavily wounded.
The ball python closely misses you. The ball python constricts you.
You block the orc's attack.
The ball python bites you but does no damage.
The hobgoblin hits you.
* * * LOW HITPOINT WARNING * * *
The goblin barely misses you.
You barely miss the hobgoblin. The ball python bites you.
* * * LOW HITPOINT WARNING * * *
The ball python constricts you. The ball python closely misses you.
The orc hits you with a +0 flail.
You die...

.......)...........
...................
....#..†)..........
...##...$)†...#....
........†.<...### >
................#
...#.....#....#...
..........#..###...
#####...o@go.# ...
#...SSg!..# ..
#....o......#
##...........
#.......g...
#...........
#...........
##..........


You could see an orc priest, an orc wizard (invisible), an orc, 2 hobgoblins, a
goblin and 2 ball pythons.

Vanquished Creatures
  Crazy Yiuf (D:3)
  Terence (D:3)
  3 gnolls (D:4)
  A howler monkey skeleton (D:4)
  6 adders
  A worm (D:2)
  A dart slug (D:3)
  An orc (D:3)
  5 ball pythons
  6 bats
  6 endoplasms
  3 giant cockroaches
  14 goblins
  4 hobgoblins
  5 jackals
  A quokka (D:1)
  5 frilled lizards
  6 kobolds
  6 rats
76 creatures vanquished.

Notes
Turn   | Place    | Note
-------+----------+-------------------------------------------
     0 | D:1      | Sabo the Formicid Fighter began the quest for the Orb.
     0 | D:1      | Reached XP level 1. HP: 18/18 MP: 1/1
   116 | D:1      | Reached XP level 2. HP: 23/24 MP: 2/2
   850 | D:1      | Reached XP level 3. HP: 29/29 MP: 3/3
  1524 | D:2      | Reached XP level 4. HP: 31/37 MP: 4/4
  2480 | D:3      | Found a runed translucent door.
  2500 | D:3      | Reached XP level 5. HP: 41/42 MP: 5/5
  2853 | D:3      | Noticed Terence
  2863 | D:3      | Killed Terence
  3189 | D:3      | Noticed Crazy Yiuf
  3197 | D:3      | Killed Crazy Yiuf
  3523 | D:4      | Reached XP level 6. HP: 19/48 MP: 6/6
  3582 | D:4      | Slain by an orc

Illustrated notes

Levels and vault maps discovered:
D:1:      wander_arrival_estate, layout_loops_ring, columned_hall_lemuel,
          minmay_tromino_v7
D:2:      layout_basic, wad_floor_pattern_2, minmay_cut_off
D:3:      layout_basic, uniq_terence, uniq_crazy_yiuf_cottage
D:4:      layout_rooms, guppyfry_early_lair_pool, uniq_duvessa

Skill      XL: |  1  2  3  4  5 |
---------------+----------------+-----
Shields        | 4 |  4.4
Armour         | 4 |  4.5
Axes           | 3 |  3.9
Fighting       | 4 |  4.1
Staves         | |  0.5
Throwing       | |  0.5
Dodging        | |  0.5
Stealth        | |  0.6

Action                   |  1- 3 |  4- 6 || total
-------------------------+-------+-------++-------
Melee: War axe           |    99 |    84 ||   183
       Quarterstaff      |       |    33 ||    33
Throw: Dart              |       |     2 ||     2
 Abil: Dig               |       |     5 ||     5
  Use: Scroll            |       |     2 ||     2
       Potion            |       |     1 ||     1
Armor: Scale mail        |    64 |    34 ||    98
       Ring mail         |       |    40 ||    40
Dodge: Dodged            |    52 |    94 ||   146
Block: Buckler           |    23 |    46 ||    69

Table legend: (Time is in decaauts)
 A = Elapsed time spent in this place.
 B = Non-inter-level travel time spent in this place.
 C = Inter-level travel time spent in this place.
 D = Time resting spent in this place.
 E = Time spent auto-exploring this place.
 F = Levels seen in this place.
 G = Mean time per level.
                   A        B        C        D        E       F      G
               +--------+--------+--------+--------+--------+-----+--------+
         Total |   3666 |   3666 |      0 |   1094 |      0 |   4 |  916.5 |
       Dungeon |   3666 |   3666 |      0 |   1094 |      0 |   4 |  916.5 |
               +--------+--------+--------+--------+--------+-----+--------+

Top non-repeatable levels by time:
     D:2: 1228 daAuts
     D:1: 1202 daAuts
     D:3: 1149 daAuts
     D:4: 87 daAuts
